Map: [G8] Babylon

Players

Clem

  • Race: Terran Terran
  • Spawn Location: 5:00

Cure - Winner!

  • Race: Terran Terran
  • Spawn Location: 11:00

Event: Gamers8 2023

VOD

Have the link to the VOD?

Description

Time

  • Played on: Aug. 4, 2023, 6:19 a.m.
  • Length: 7:51

All games in this series

Show
View Real Time Build Order
Export as new Build Order

Clem Terran 

Build Orders: Reaper Expand 

Get SALT Encoding   

  12  0:00  SCV  
  13  0:12  SCV  
  14  0:17  Supply Depot  
  14  0:24  SCV  
  15  0:38  SCV  
  15  0:41  Barracks  
  16  0:43  Refinery  
  16  0:50  SCV  
  17  1:03  SCV  
  18  1:15  SCV  
  19  1:28  Reaper, Orbital Command  
  20  1:39  Command Center  
  20  1:47  Supply Depot  
  20  1:54  SCV  
  21  2:00  Marine  
  22  2:06  SCV  
  22  2:08  Factory  
  23  2:13  Bunker  
  23  2:18  Marine, SCV  
  25  2:23  Refinery  
  25  2:30  SCV  
  25  2:37  Barracks Reactor  
  26  2:42  SCV  
  27  2:51  Orbital Command  
  27  2:54  Hellion, SCV  
  27  2:57  Starport  
  30  3:06  SCV  
  31  3:12  Marine  
  31  3:13  Marine  
  31  3:14  Refinery  
  31  3:16  Factory Tech Lab  
  31  3:18  SCV x2  
  35  3:23  Supply Depot  
  35  3:30  SCV  
  35  3:31  SCV  
  40  3:34  Cyclone  
  40  3:36  Starport Tech Lab  
  40  3:37  Marine  
  40  3:39  Marine  
  42  3:42  SCV  
  42  3:46  SCV  
  44  3:49  Supply Depot  
  44  3:54  SCV  
  46  3:57  Raven  
  46  4:00  SCV  
  50  4:06  Siege Tank  
  50  4:07  Marine x2  
  50  4:08  SCV  
  54  4:12  SCV  
  55  4:17  Supply Depot  
  55  4:21  SCV  
  55  4:24  SCV  
  57  4:26  Marine  
  57  4:27  Marine  
  59  4:32  Raven  
  59  4:34  SCV  
  62  4:38  SCV  
  62  4:44  Marine  
  62  4:45  Marine  
  64  4:46  Siege Tank, SCV  
  64  4:50  SCV  
  61  4:58  Command Center, SCV  
  60  5:03  SCV  
  60  5:05  Supply Depot  
  61  5:08  Marine  
  61  5:09  Marine  
  61  5:10  Raven, SCV  
  66  5:19  Supply Depot  
  67  5:23  Siege Tank  
  67  5:24  SCV  
  67  5:27  Marine x2  
  72  5:37  Barracks  
  72  5:42  Supply Depot  
  72  5:44  SCV x2  
  72  5:47  Raven  
  72  5:48  Marine  
  72  5:49  Marine  
  77  5:56  SCV  
  75  5:58  SCV  
  75  6:01  Siege Tank  
  79  6:05  Marine  
  79  6:08  SCV  
  79  6:10  Supply Depot  
  82  6:11  SCV  
  82  6:16  Orbital Command  
  82  6:20  SCV  
  82  6:23  Refinery  
  82  6:25  Barracks  
  83  6:28  Marine x2  
  86  6:33  Siege Tank  
  90  6:41  Viking  
  90  6:42  Marine  
  90  6:45  Marine, SCV  
  90  6:46  SCV  
  94  6:48  SCV  
  95  6:56  Marine, Supply Depot  
  95  6:57  SCV  
  97  7:04  Marine x2  
  99  7:09  Siege Tank  
  99  7:14  Marine  
  103  7:17  Marine  
  103  7:22  Marine x2  
  101  7:28  Supply Depot  
  101  7:32  Marine  
  101  7:35  SCV x3  
Show
View Real Time Build Order
Export as new Build Order

Cure Terran - Winner!

Build Orders: Gas First Reaper Expand 

Get SALT Encoding   

  12  0:00  SCV  
  13  0:12  SCV  
  14  0:17  Supply Depot  
  14  0:24  SCV  
  14  0:27  Refinery  
  15  0:38  SCV  
  16  0:44  Barracks  
  16  0:50  SCV  
  17  1:02  SCV  
  18  1:14  SCV  
  19  1:31  Reaper, Orbital Command  
  20  1:41  Command Center  
  20  1:52  Factory  
  20  1:57  SCV  
  21  2:04  Refinery  
  21  2:06  Barracks Reactor  
  21  2:11  SCV  
  21  2:13  Supply Depot  
  22  2:23  SCV  
  23  2:35  SCV  
  23  2:36  Hellion  
  26  2:37  Starport  
  26  2:41  Marine  
  26  2:42  Marine  
  28  2:47  SCV  
  29  2:54  Orbital Command  
  29  2:57  Factory Tech Lab  
  29  3:01  Marine x2  
  29  3:04  SCV  
  32  3:15  Siege Tank  
  32  3:18  Marine  
  32  3:19  Marine  
  37  3:22  SCV x2  
  39  3:28  Supply Depot  
  39  3:29  Medivac  
  41  3:35  SCV x2  
  41  3:38  Marine x2  
  45  3:43  Supply Depot  
  45  3:50  Siege Tank  
  45  3:53  Refinery  
  48  3:55  SCV x2  
  48  3:59  Viking  
  48  4:02  Marine x2  
  52  4:09  Supply Depot  
  54  4:10  SCV x2  
  56  4:22  Siege Tank  
  59  4:24  SCV x2  
  61  4:34  Supply Depot  
  61  4:39  Viking x2  
  61  4:41  Marine  
  66  4:46  SCV x2  
  61  4:56  Siege Tank  
  61  4:58  SCV x2  
  66  5:03  Supply Depot  
  66  5:04  Refinery  
  66  5:05  Marine  
  67  5:10  SCV  
  67  5:11  Viking  
  70  5:16  Viking  
  70  5:17  SCV  
  70  5:20  Supply Depot  
  73  5:22  SCV  
  73  5:23  Marine  
  75  5:31  Siege Tank  
  75  5:34  Supply Depot  
  75  5:35  SCV x2  
  80  5:41  Liberator  
  83  5:49  Viking  
  85  5:50  Marine  
  85  5:53  SCV x2  
  85  6:03  Starport  
  85  6:08  Siege Tank  
  85  6:11  Barracks Tech Lab  
  88  6:13  SCV  
  88  6:14  SCV  
  88  6:15  Supply Depot  
  90  6:18  Command Center  
  90  6:23  Liberator  
  93  6:26  SCV x2  
  95  6:33  Marine  
  95  6:35  Liberator  
  99  6:40  Barracks  
  99  6:42  Barracks  
  99  6:43  SCV x2  
  101  6:48  Liberator  
  101  6:50  Supply Depot  
  101  6:52  Marine  
  105  6:56  Siege Tank  
  105  6:59  SCV x2  
  110  7:04  Supply Depot  
  110  7:11  Marine  
  110  7:13  SCV x2  
  113  7:29  Marine  
  119  7:34  SCV x2  
Tags
 
Add a new tag
Caveats
  • Supply blocks, unpowered buildings, or Contaminate may cause inaccurate times.
  • Supply counts are checked every 10 seconds.